 Dungeon Crawl Stone Soup version 0.22.1-2-g9c5b331383 (webtiles) character file.

1696 McKennaii the Zephyrmancer (level 9, 0/46 HPs)
             Began as a Tengu Air Elementalist on Dec 25, 2018.
             Was a Follower of Sif Muna.
             Hit by a javelin of returning thrown by a centaur (11 damage)
             ... in a bailey.
             The game lasted 00:24:34 (7114 turns).

McKennaii the Zephyrmancer (Tengu Air Elementalist) Turns: 7114, Time: 00:24:34

Health: 0/46       AC:  3    Str:  9    XL:     9   Next: 3%
Magic:  10/26      EV: 13    Int: 19    God:    Sif Muna [*.....]
Gold:   291        SH:  0    Dex: 14    Spells: 9/17 levels left

rFire    . . .     SeeInvis .   k - staff of wizardry
rCold    + . .     Gourm    .   (no shield)
rNeg     . . .     Faith    .   n - +1 robe {rC+}
rPois    .         Spirit   .   (helmet restricted)
rElec    .         Reflect  .   (no cloak)
rCorr    .         Harm     .   (no gloves)
MR       +....                  (boots unavailable)
Stlth    ++........             h - amulet of the acrobat
HPRegen  0.15/turn              d - ring of protection from magic
MPRegen  0.20/turn              m - ring of magical power

@: no status effects
A: beak, talons 3, able to fly 1
a: Fly, Divine Energy, Renounce Religion


You were in a bailey.
You worshipped Sif Muna.
Sif Muna was aware of your devotion.
You were near starving.

You visited 2 branches of the dungeon, and saw 8 of its levels.
You also visited: Bailey.

You collected 291 gold pieces.

Inventory:

Armour
 n - a +1 robe of cold resistance (worn)
Magical Staves
 k - an uncursed staff of wizardry (weapon)
Jewellery
 d - a ring of protection from magic (left hand)
 h - an amulet of the acrobat (around neck)
 m - a ring of magical power (right hand)
 r - an uncursed ring of fire
Wands
 a - a wand of digging (6)
Scrolls
 e - 2 scrolls of blinking
 j - 8 scrolls of identify
 q - 2 scrolls of remove curse
 s - a scroll of immolation {unknown}
 v - a scroll of amnesia
Potions
 b - 3 potions of curing
 f - 2 potions of degeneration {unknown}
 g - 2 potions of heal wounds {unknown}
 i - 2 potions of lignification {unknown}
 l - a potion of cancellation {unknown}
 o - a potion of magic {unknown}
 p - a potion of agility {unknown}
 t - a potion of mutation {unknown}
 u - 2 potions of flight {unknown}
Comestibles
 c - 10 rations


   Skills:
 + Level 0.6 Fighting
 + Level 3.4 Dodging
 + Level 2.9 Stealth
 + Level 4.7 Spellcasting
 * Level 9.0 Conjurations
 * Level 9.5 Air Magic


You had 9 spell levels left.
You knew the following spells:

 Your Spells              Type           Power        Failure   Level  Hunger
a - Shock                 Conj/Air       ####         1%          1    None
b - Swiftness             Chrm/Air       ###.....     1%          2    #......
c - Lightning Bolt        Conj/Air       #####.....   3%          5    ######.

Your spell library contained the following spells:

 Spells                   Type           Power        Failure   Level  Hunger
 Flame Tongue             Conj/Fire      ###..        1%          1    None
 Throw Flame              Conj/Fire      ###...       1%          2    #......
 Static Discharge         Conj/Air       #####...     1%          3    ###....
 Airstrike                Air            #####.....   1%          4    ####...
 Conjure Flame            Conj/Fire      ###.....     2%          3    ###....
 Sticky Flame             Conj/Fire      ###.....     9%          4    ####...
 Inner Flame              Hex/Fire       #.......     16%         3    ###....
 Fireball                 Conj/Fire      ###.......   22%         5    ######.


Dungeon Overview and Level Annotations

Branches:
Dungeon (7/15)             Temple (1/1) D:5

Altars:
Ashenzari
Cheibriados
Dithmenos
Elyvilon
Fedhas
Gozag
Kikubaaqudgha
Makhleb
Qazlal
Sif Muna
Trog
Vehumet
Wu Jian
Xom
Yredelemnul
Zin
The Shining One


Innate Abilities, Weirdness & Mutations

You have a beak for a mouth.
You have claws for feet.
You can fly.


Message History

Unknown command.
The centaur throws a javelin of returning.
The javelin of returning barely misses you.
The weapon returns to the centaur!
Casting: Shock (safe; 1% risk of failure)
Confirm with . or Enter, or press ? or * to list all spells.
Aiming: Lightning Bolt (safe; 3% risk of failure)
Press: ? - help, Shift-Dir - straight line, f/p - centaur
Aim: a centaur, wielding a spear and wearing a chain mail (heavily wounded)
You hear a mighty clap of thunder!
The bolt of lightning misses the centaur.
You are near starving!
You hear a shout! x4
The centaur throws a javelin of returning.
The javelin of returning hits you!
* * * LOW HITPOINT WARNING * * *
The weapon returns to the centaur!
The centaur throws a javelin of returning.
The javelin of returning hits you!
You die...

#≈...≈≈≈≈≈≈≈≈≈o.o
##≈.o≈≈.......≈≈≈.
##≈≈....≈≈≈≈≈≈≈..≈≈
##≈≈...≈≈≈...c.≈≈≈.≈
#≈≈⌠..≈≈..≈≈≈≈≈o.≈≈.
#≈≈).≈≈)≈≈≈...≈≈≈.≈o
#≈)..≈.≈≈..⌠.⌠..≈.≈≈
#≈)$.≈..@.(∩(∩..≈c..
#≈$.)≈)≈≈..⌠.⌠..≈.≈≈
#≈≈$.≈≈.≈≈≈...≈≈≈.≈.
#≈≈⌠..≈≈..≈≈≈≈≈..≈≈.
##≈≈...≈≈≈.....≈≈≈.≈
##≈≈....≈≈≈≈≈≈≈..≈≈
##≈..≈≈.......≈≈≈.
#≈...≈≈≈≈≈≈≈≈≈o..


You could see a centaur and 2 orcs.

Vanquished Creatures
  Grinder (D:6)
  An orc warrior (D:6)
  A phantom (D:6)
  3 ogres (D:5)
  A centaur (Bailey)
  2 bullfrogs
  2 scorpions
  A howler monkey (D:4)
  2 crimson imps
  2 bullfrog zombies
  An orc priest (D:4)
  3 hounds
  An iguana (D:4)
  2 orc wizards
  A statue (D:5)
  6 worker ants
  3 gnolls (D:3)
  5 adders
  A shadow imp (D:5)
  An ooze (D:6)
  An adder skeleton (D:5)
  3 worms
  2 leopard geckos
  26 orcs
  6 giant cockroaches
  2 gnoll zombies (D:5)
  13 goblins
  8 hobgoblins
  6 jackals
  2 quokkas (D:4)
  4 ball pythons
  10 bats
  6 frilled lizards
  A jackal skeleton (D:5)
  8 kobolds
  2 leopard gecko skeletons (D:4)
  2 leopard gecko zombies
  4 rats
146 creatures vanquished.

Vanquished Creatures (others)
  A kobold (D:3)
1 creature vanquished.

Grand Total: 147 creatures vanquished

Notes
Turn   | Place    | Note
-------+----------+-------------------------------------------
     0 | D:1      | McKennaii the Tengu Air Elementalist began the quest for
                  | the Orb.
     0 | D:1      | Reached XP level 1. HP: 10/10 MP: 4/4
    86 | D:1      | Reached XP level 2. HP: 12/15 MP: 0/6
   615 | D:2      | Reached XP level 3. HP: 19/19 MP: 5/7
   958 | D:2      | Found a blossoming altar of Fedhas.
  1477 | D:3      | Noticed a scorpion
  1602 | D:2      | Reached XP level 4. HP: 22/24 MP: 0/8
  1890 | D:3      | Reached skill level 5 in Air Magic
  1923 | D:3      | Gained mutation: You can fly. [Tengu growth]
  1923 | D:3      | Reached XP level 5. HP: 28/28 MP: 0/10
  3322 | D:3      | Reached XP level 6. HP: 28/32 MP: 1/11
  3493 | D:4      | Noticed a sky beast
  3514 | D:3      | Learned a level 2 spell: Swiftness
  3520 | D:3      | Learned a level 5 spell: Lightning Bolt
  3769 | D:4      | Reached skill level 5 in Conjurations
  4049 | D:4      | Reached XP level 7. HP: 31/36 MP: 8/13
  4336 | D:5      | Entered Level 5 of the Dungeon
  4359 | D:5      | Found a shadowy altar of Dithmenos.
  4556 | D:5      | Found a staircase to the Ecumenical Temple.
  4656 | Temple   | Entered the Ecumenical Temple
  4663 | Temple   | Became a worshipper of Sif Muna the Loreminder
  5078 | D:5      | Found a radiant altar of Vehumet.
  5122 | D:5      | Reached XP level 8. HP: 41/41 MP: 14/14
  5356 | D:5      | Found a basalt altar of Yredelemnul.
  5417 | D:5      | Found a shattered altar of Ashenzari.
  5918 | D:6      | Reached * piety under Sif Muna
  6209 | D:6      | Noticed Grinder
  6214 | D:6      | Killed Grinder
  6385 | D:6      | Found a shimmering altar of Xom.
  6385 | D:6      | Found an ornate altar of the Wu Jian Council.
  6602 | D:7      | Found a flagged portal.
  7019 | Bailey   | Entered a bailey
  7028 | Bailey   | Reached XP level 9. HP: 25/46 MP: 16/17
  7114 | Bailey   | Hit by a javelin of returning thrown by a centaur

Skill      XL: |  1  2  3  4  5  6  7  8 |
---------------+-------------------------+-----
Conjurations   | 2 3 4 5 7 9 |  9.0
Air Magic      | 5 6 7 9 |  9.5
Spellcasting   | 3 4 |  4.7
Dodging        | 3 |  3.4
Fighting       | |  0.6
Stealth        | |  2.9

Action                   |  1- 3 |  4- 6 |  7- 9 || total
-------------------------+-------+-------+-------++-------
Melee: Unarmed           |     8 |     9 |       ||    17
       Kick              |     1 |     1 |       ||     2
       Staff             |       |       |     2 ||     2
 Cast: Shock             |    86 |   160 |   194 ||   440
       Swiftness         |       |     1 |       ||     1
       Lightning Bolt    |       |       |     9 ||     9
 Abil: Fly               |       |       |     1 ||     1
Evoke: Wand              |       |       |     1 ||     1
  Use: Scroll            |     5 |     1 |     1 ||     7
  Eat: Chunk             |     3 |     8 |     4 ||    15
       Ration            |       |       |     2 ||     2
Armor: Robe              |    13 |     9 |     5 ||    27
Dodge: Dodged            |    84 |    82 |    61 ||   227
